 Dungeon Crawl Stone Soup version 0.25.0-46-gbd7b085 (webtiles) character file.

Game seed: 15486968546303628220

2545 zeroc00l the Nimble (level 9, -2/65 HPs)
             Began as a Merfolk Ice Elementalist on July 15, 2020.
             Killed from afar by Harold (16 damage)
             ... with a harpoon shot
             ... on level 7 of the Dungeon.
             The game lasted 00:35:05 (6930 turns).

zeroc00l the Nimble (Merfolk Ice Elementalist)      Turns: 6930, Time: 00:35:06

Health: -2/65      AC:  8    Str:  9    XL:     9   Next: 55%
Magic:  9/15       EV: 17    Int: 17    God:
Gold:   329        SH:  0    Dex: 14    Spells: 1/16 levels left

rFire    . . .     SeeInvis .   a - +3 dagger (venom)
rCold    . . .     Gourm    .   (no shield)
rNeg     + + .     Faith    .   j - +2 robe {rN+}
rPois    .         Spirit   .   y - +0 helmet
rElec    .         Reflect  .   (no cloak)
rCorr    .         Harm     .   D - +1 pair of gloves
MR       .....                  x - +0 pair of boots
Stlth    ++........             o - amulet of regeneration
HPRegen  0.60/turn              B - ring of positive energy
MPRegen  0.14/turn              (no ring)

@: no status effects
A: change form in water, swift swim, stealthy swim
a: no special abilities


You were on level 7 of the Dungeon.
You were not hungry.

You visited 2 branches of the dungeon, and saw 8 of its levels.

You collected 329 gold pieces.

Inventory:

Hand Weapons
 a - a +3 dagger of venom (weapon)
 b - a +0 trident
 c - a +1 vorpal hand axe
 p - a +0 halberd
 z - a +5 flail of protection
Missiles
 h - 3 silver boomerangs
 C - 8 boomerangs (quivered)
Armour
 j - a +2 robe of positive energy (worn)
 l - a +0 ring mail
 x - a +0 pair of boots (worn)
 y - a +0 helmet (worn)
 D - a +1 pair of gloves (worn)
Jewellery
 o - an amulet of regeneration (around neck)
 r - an uncursed ring of fire
 B - a ring of positive energy (left hand)
Wands
 m - a wand of polymorph (7)
 F - a wand of clouds (4)
 G - a wand of disintegration (13)
Scrolls
 e - a scroll of identify
 f - a scroll of fear
 i - 3 scrolls of remove curse
 n - 2 scrolls of enchant armour
 s - a scroll of enchant weapon
 v - a scroll of teleportation
 A - a scroll of magic mapping
Potions
 d - a potion of resistance
 k - 2 potions of lignification
 q - 2 potions of heal wounds
 t - 3 potions of curing
 u - a potion of flight
 w - a potion of degeneration {unknown}
Comestibles
 g - 6 chunks of flesh
 E - 13 rations


   Skills:
 + Level 4.3 Fighting
 + Level 7.1 Polearms
 + Level 8.1 Dodging
 - Level 3.0 Stealth
 - Level 4.0 Spellcasting
 + Level 2.3 Conjurations
 - Level 3.0 Charms
 - Level 4.1 Summonings
 + Level 7.0 Ice Magic


You had one spell level left.
You knew the following spells:

 Your Spells              Type           Power        Failure   Level  Hunger
a - Freeze                Ice            ####         1%          1    None
b - Frozen Ramparts       Ice            ####..       2%          3    ###....
c - Ozocubu's Armour      Chrm/Ice       ###.....     6%          3    ###....
d - Summon Ice Beast      Ice/Summ       ###.....     16%         4    ####...
e - Hailstorm             Conj/Ice       ###.....     22%         4    ####...

Your spell library contained the following spells:

 Spells                   Type           Power        Failure   Level  Hunger
 Confusing Touch          Hex            #.......     43%         3    ###....
 Gell's Gravitas          Tloc           #.........   43%         3    ###....
 Metabolic Englaciation   Hex/Ice        ###.......   71%         5    ######.
 Petrify                  Tmut/Erth      #.......     83%         4    ####...
 Yara's Violent Unravell  Hex/Tmut       #.........   99%         5    ######.


Dungeon Overview and Level Annotations

Branches:
Dungeon (7/15)             Temple (1/1) D:5

Altars:
Ashenzari
Cheibriados
Dithmenos
Elyvilon
Fedhas
Gozag
Hepliaklqana
Kikubaaqudgha
Makhleb
Okawaru
Qazlal
Ru
Sif Muna
Trog
Uskayaw
Xom
Yredelemnul
Zin
The Shining One

Annotations:
D:7 Harold


Message History

Confirm with . or Enter, or press ? or * to list all spells.
Aiming: Freeze (safe; 1% risk of failure)
Press: ? - help, Shift-Dir - straight line, f/p - Harold
Aim: Harold, wielding a +3 vorpal halberd, wearing a +0 scale mail, quivering a throwing net and carrying a wand of digging (4) (lightly wounded, extremely poisoned)
You freeze Harold.
Harold is lightly wounded.
Harold closely misses you.
Casting: Freeze (safe; 1% risk of failure)
Confirm with . or Enter, or press ? or * to list all spells.
Aiming: Freeze (safe; 1% risk of failure)
Press: ? - help, Shift-Dir - straight line, f/p - Harold
Aim: Harold, wielding a +3 vorpal halberd, wearing a +0 scale mail, quivering a throwing net and carrying a wand of digging (4) (moderately wounded, extremely poisoned)
You freeze Harold.
Harold is moderately wounded.
Harold hits you with a +3 vorpal halberd!
* * * LOW HITPOINT WARNING * * *
x2 Your icy armour cracks and falls away as you move.
Harold fires a harpoon shot at you. The harpoon shot hits you!
You die...

#. #. ..#. ## ##. ..#
...##.. ._ . ........
##### ##
........♣#.._#_..
.......@.#...#...
#...##.......#
##+#####...##+##@.###
...<.#>............♣
.....#............##
.....#............#
...###...####+##.##
...###...####.##.##.###.
..........#....'........
..........#....#.....###
..........#....#.....#


You could see Harold (very poisoned).

Vanquished Creatures
  Duvessa (D:6)
  An orc warrior (D:5)
  2 ice beasts
  3 sky beasts
  2 ogres
  2 phantoms
  2 bullfrogs
  Dowan (D:6)
  A bullfrog zombie (D:6)
  5 crimson imps
  A quasit (D:6)
  A centaur zombie (D:6)
  A jelly (D:7)
  7 orc priests
  2 hounds
  A centaur skeleton (D:6)
  4 iguanas
  5 orc wizards
  4 worker ants
  Robin (D:3)
  7 gnolls
  A howler monkey skeleton (D:5)
  3 adders
  3 oozes
  2 adder skeletons
  2 worms
  10 dart slugs
  2 leopard geckos
  28 orcs
  5 bats
  5 giant cockroaches
  9 hobgoblins
  2 jackals (D:1)
  8 kobolds
  A quokka (D:3)
  A ball python (D:3)
  7 frilled lizards (D:3)
  10 goblins
  A jackal zombie (D:5)
  A leopard gecko skeleton (D:4)
  A leopard gecko zombie (D:5)
  A quokka zombie (D:5)
  12 rats
169 creatures vanquished.

Vanquished Creatures (collateral kills)
  An orc warrior (D:6)
  A gnoll shaman (D:6)
  2 gnolls (D:6)
4 creatures vanquished.

Grand Total: 173 creatures vanquished

Notes
Turn   | Place    | Note
-------+----------+-------------------------------------------
     0 | D:1      | zeroc00l the Merfolk Ice Elementalist began the quest for
                  | the Orb.
     0 | D:1      | Reached XP level 1. HP: 13/13 MP: 3/3
   310 | D:1      | Reached skill level 3 in Dodging
   341 | D:1      | Reached XP level 2. HP: 19/19 MP: 3/5
  1050 | D:1      | Reached XP level 3. HP: 24/24 MP: 3/6
  1073 | D:1      | Learned a level 3 spell: Frozen Ramparts
  1704 | D:2      | Found a faded altar of an unknown god.
  1898 | D:2      | Learned a level 3 spell: Ozocubu's Armour
  1901 | D:2      | Found a white marble altar of Elyvilon.
  1946 | D:2      | Noticed a moth of wrath
  1949 | D:2      | Found a bloodstained altar of Trog.
  2153 | D:2      | Reached XP level 4. HP: 27/30 MP: 5/8
  2298 | D:2      | Reached skill level 5 in Ice Magic
  2389 | D:3      | Reached skill level 1 in Polearms
  2392 | D:3      | Reached skill level 4 in Dodging
  2912 | D:3      | Reached XP level 5. HP: 35/35 MP: 7/9
  2989 | D:3      | Noticed Robin
  3140 | D:3      | Killed Robin
  3508 | D:4      | Noticed a phantom
  3616 | D:4      | Killed a phantom
  3616 | D:4      | Reached XP level 6. HP: 20/41 MP: 3/11
  3622 | D:4      | Learned a level 4 spell: Summon Ice Beast
  3707 | D:4      | Reached skill level 5 in Dodging
  3911 | D:4      | Reached XP level 7. HP: 46/46 MP: 4/12
  4146 | D:4      | Reached skill level 1 in Summonings
  4455 | D:4      | Reached skill level 1 in Charms
  4594 | D:5      | Entered Level 5 of the Dungeon
  4699 | D:5      | Found a staircase to the Ecumenical Temple.
  4710 | Temple   | Entered the Ecumenical Temple
  4852 | D:5      | Noticed a nameless horror
  5027 | D:5      | Reached skill level 6 in Dodging
  5101 | D:5      | Reached skill level 1 in Fighting
  5101 | D:5      | Reached XP level 8. HP: 40/54 MP: 11/14
  5107 | D:5      | Learned a level 4 spell: Hailstorm
  5505 | D:5      | Reached skill level 5 in Polearms
  5634 | D:5      | Found a stormy altar of Qazlal.
  5824 | D:6      | Found an ancient bone altar of Kikubaaqudgha.
  5838 | D:6      | Reached skill level 7 in Dodging
  5931 | D:6      | Reached skill level 1 in Conjurations
  5931 | D:6      | Reached XP level 9. HP: 48/63 MP: 8/15
  5994 | D:6      | Found a glowing silver altar of Zin.
  6071 | D:6      | Noticed Duvessa
  6236 | D:6      | Killed Duvessa
  6314 | D:6      | Noticed Dowan
  6349 | D:6      | Killed Dowan
  6512 | D:6      | Found a hide-covered altar of Uskayaw.
  6512 | D:6      | Noticed a +0 hand axe
  6513 | D:6      | Noticed a +0 hand axe
  6799 | D:7      | Reached skill level 8 in Dodging
  6916 | D:7      | Found a shimmering altar of Xom.
  6917 | D:7      | Noticed Harold
  6918 | D:7      | Found an opulent altar of Gozag.
  6919 | D:7      | Found a shadowy altar of Dithmenos.
  6930 | D:7      | Killed from afar by Harold

Illustrated notes

Levels and vault maps discovered:
D:1:      lightli_arrival_flooded_house, layout_loops_corners
D:2:      layout_basic, tgw_trog, chequers_ecumenical_altar_simple_redux,
          elyvilon_altar_4
D:3:      kennysheep_slugbush, layout_loops_ring, minmay_lizard_king, uniq_robin
D:4:      layout_basic, first_ration, kennysheep_small_spiral
D:5:      layout_gridville, minmay_temple_entry_slanted, grunt_qazlal_sundering
D:6:      layout_rooms, kennysheep_little_box, dancing_weapons_uskayaw,
          lemuel_crystal_altar, uniq_duvessa
D:7:      layout_gridville, nicolae_overflow_quartered_altars, uniq_menkaure,
          uniq_harold
Temple:   nicolae_temple_x_marks_the_god

Skill      XL: |  1  2  3  4  5  6  7  8  9 |
---------------+----------------------------+-----
Dodging        | 3 4 5 6 7 8 |  8.1
Ice Magic      | 5 6 7 |  7.0
Polearms       | 1 2 3 4 6 7 |  7.1
Spellcasting   | 3 4 |  4.0
Stealth        | 3 |  3.0
Summonings     | 2 4 |  4.1
Charms         | 1 3 |  3.0
Fighting       | 1 3 4 |  4.3
Conjurations   | 1 2 |  2.3

Action                   |  1- 3 |  4- 6 |  7- 9 || total
-------------------------+-------+-------+-------++-------
Melee: Unarmed           |     4 |       |       ||     4
       Dagger            |    17 |    50 |    89 ||   156
       Short sword       |    17 |    32 |       ||    49
       Tailslap          |       |     3 |       ||     3
       Halberd           |       |    59 |       ||    59
       Trident           |       |       |   174 ||   174
Throw: Boomerang         |       |       |     5 ||     5
 Cast: Freeze            |    37 |    56 |   101 ||   194
       Ozocubu's Armour  |       |     4 |    10 ||    14
       Frozen Ramparts   |       |       |     4 ||     4
       Summon Ice Beast  |       |       |     2 ||     2
Evoke: Wand              |       |       |     1 ||     1
  Use: Scroll            |     1 |     3 |    14 ||    18
       Potion            |       |       |     1 ||     1
 Stab: Sleeping          |     8 |     5 |     7 ||    20
       Distracted        |       |     1 |       ||     1
  Eat: Chunk             |     4 |     7 |     8 ||    19
       Ration            |       |       |     1 ||     1
Armor: Leather armour    |    10 |    25 |    63 ||    98
       Robe              |       |       |     6 ||     6
Dodge: Dodged            |    43 |    87 |   233 ||   363
